 Dungeon Crawl Stone Soup version 0.23-a0-650-ga4d50d4 (webtiles) character file.

3007 MalarOregon the Magician (level 9, -1/57 (59) HPs)
             Began as a Merfolk Wizard on Jan 4, 2019.
             Was a Follower of Nemelex Xobeh.
             Slain by Joseph
             ... wielding a +2 quarterstaff of speed
              (17 damage)
             ... on level 8 of the Dungeon on Jan 5, 2019.
             The game lasted 00:49:43 (15381 turns).

MalarOregon the Magician (Merfolk Wizard)          Turns: 15381, Time: 00:49:44

HP:   -1/57 (59)    AC:  8    Str: 16    XL:     9   Next: 84%
MP:   19/19         EV: 13    Int: 20    God:    Nemelex Xobeh [*.....]
Gold: 241           SH:  3    Dex: 13    Spells: 10/21 levels left

rFire    . . .     SeeInvis .   t - +10 morningstar "Eos" {elec, Halo rElec}
rCold    + . .     Gourm    .   r - +0 buckler
rNeg     . . .     Faith    .   m - +2 leather armour {rF+}
rPois    .         Spirit   .   v - +0 helmet
rElec    +         Reflect  .   (no cloak)
rCorr    .         Harm     .   D - +1 pair of gloves {Str+3}
MR       .....                  (no boots)
Stlth    +.........             (no amulet)
HPRegen  0.19/turn              j - +6 ring of strength
MPRegen  0.16/turn              n - ring of ice

@: glowing
A: change form in water, swift swim, stealthy swim
a: Draw Escape, Draw Destruction, Draw Summoning, Renounce Religion


You were on level 8 of the Dungeon.
You worshipped Nemelex Xobeh.
Nemelex Xobeh was aware of your devotion.
You were hungry.

You visited 2 branches of the dungeon, and saw 9 of its levels.

You collected 443 gold pieces.
You spent 202 gold pieces at shops.

Inventory:

Hand Weapons
 f - a +0 spear
   (You found it on level 1 of the Dungeon)
 o - a +0 glaive of venom
   (You took it off Blork the orc on level 5 of the Dungeon)
 t - the +10 morningstar "Eos" (weapon) {elec, Halo rElec}
   (You found it on level 7 of the Dungeon)

   Occasionally, upon striking a foe, it will discharge some electrical energy
   and cause terrible harm.
   It insulates you from electricity.
 z - a +3 halberd
   (You took it off an orc warrior on level 7 of the Dungeon)
Armour
 b - a +0 hat
 m - a +2 leather armour of fire resistance (worn)
   (You took it off a kobold on level 2 of the Dungeon)
 r - a +0 buckler (worn)
   (You found it on level 5 of the Dungeon)
 v - a +0 helmet (worn)
   (You took it off Robin on level 3 of the Dungeon)
 D - a +1 pair of gloves of strength (worn)
   (You bought it in a shop on level 8 of the Dungeon)
Jewellery
 j - a +6 ring of strength (left hand)
   (You found it on level 2 of the Dungeon)
 n - a ring of ice (right hand)
   (You found it on level 3 of the Dungeon)
 B - an uncursed amulet of the gourmand {unknown}
   (You found it on level 7 of the Dungeon)
Wands
 c - a wand of disintegration (5)
   (You took it off an orc wizard on level 5 of the Dungeon)
Scrolls
 d - 2 scrolls of identify {@r1}
 g - 2 scrolls of remove curse {@r2}
 h - 3 scrolls of fog
 l - a scroll of fear
 p - 4 scrolls of teleportation {@r4}
 s - a scroll of amnesia {unknown}
 y - a scroll of enchant armour
Potions
 a - a potion of mutation {!q}
 i - 5 potions of curing {@q1}
 k - 2 potions of lignification {!q}
 q - a potion of haste {@q3}
 u - a potion of magic
 w - a potion of might
 x - a potion of brilliance
 A - a potion of agility {unknown}
 C - a potion of heal wounds {unknown}
Comestibles
 e - 21 rations {!d}


   Skills:
 + Level 1.5 Fighting
 + Level 1.3 Maces & Flails
 - Level 6.5 Polearms
 - Level 4.0 Armour
 - Level 4.0 Dodging
 - Level 2.1 Stealth
 + Level 0.9 Shields
 * Level 6.7 Spellcasting
 * Level 5.5 Conjurations
 + Level 4.2 Summonings
 + Level 1.2 Translocations
 + Level 0.5 Fire Magic
 - Level 1.0 Poison Magic


You had 10 spell levels left.
You knew the following spells:

 Your Spells              Type           Power        Failure   Level  Hunger
a - Magic Dart            Conj           ####         1%          1    None
b - Blink                 Tloc           N/A          16%         2    None
d - Conjure Flame         Conj/Fire      ###.....     16%         3    #......
f - Mephitic Cloud        Conj/Pois/Air  ###.....     22%         3    #......
x - Call Imp              Summ           ###.....     4%          2    None

Your spell library contained the following spells:

 Spells                   Type           Power        Failure   Level  Hunger
 Apportation              Tloc           ##....       11%         1    None
 Beastly Appendage        Tmut           #.....       17%         1    None
 Slow                     Hex            #.......     26%         2    None
 Sticks to Snakes         Tmut           #.......     26%         2    None
 Spider Form              Tmut/Pois      #.........   38%         3    #......
 Ice Form                 Ice/Tmut       ##......     86%         4    ###....
 Blade Hands              Tmut           #.........   99%         5    #####..


Dungeon Overview and Level Annotations

Branches:
Dungeon (8/15)             Temple (1/1) D:7
   Lair: D:8-11

Altars:
Ashenzari
Cheibriados
Dithmenos
Elyvilon
Fedhas
Gozag
Hepliaklqana
Kikubaaqudgha
Makhleb
Nemelex Xobeh
Okawaru
Qazlal
Ru
Sif Muna
Trog
Uskayaw
Vehumet
Wu Jian
Xom
Yredelemnul
Zin
The Shining One

Shops:
D:8 [

Annotations:
D:8 Joseph


Message History

A sky beast comes into view.
A sky beast is nearby!
A sky beast is nearby!
The sky beast flickers out of sight for a moment.
The sky beast hits you but does no damage.
You impale the sky beast!! The sky beast closely misses you.
The sky beast hits you but does no damage.
You sock the sky beast!
You kill the sky beast!
No target in view!
Found a bloodstained altar of Trog.
Found an ornate altar of the Wu Jian Council and a stormy altar of Qazlal.
Found a glowing silver altar of Zin.
Found a hazy altar of Hepliaklqana.
There is an open door here.
There is an open door here.
You open the door.
A centaur and Joseph come into view.
Joseph is wielding a +2 quarterstaff of speed.
Joseph shouts!
The centaur shouts!
The centaur wields a +0 shortbow.
The centaur shoots an arrow.
The arrow hits you!
Joseph says, "You will never get the ORB, sorry."
Joseph unwields a +2 quarterstaff of speed.
Joseph wields a +0 hunting sling.
Joseph shoots a sling bullet.
The sling bullet hits you but does no damage.
There is an open door here.
The centaur shoots an arrow.
The arrow hits you!
You see here an arrow.
You thump the centaur!
The centaur unwields a +0 shortbow.
The centaur closely misses you. You block the centaur's attack.
You barely miss the centaur.
The centaur hits you but does no damage.
The centaur closely misses you.
You hit the centaur. The centaur hits you!
Joseph unwields a +0 hunting sling.
Joseph wields a +2 quarterstaff of speed.
Joseph hits you with a +2 quarterstaff of speed!
* * * LOW HITPOINT WARNING * * *
The centaur hits you but does no damage.
You block Joseph's attack.
You puncture the centaur! Lightning courses through the centaur!
You kill the centaur!
You feel your dexterity returning.
Training target 1.0 for Poison Magic reached!
Your Poison Magic skill increases to level 1!
Joseph hits you with a +2 quarterstaff of speed!
* * * LOW HITPOINT WARNING * * *
Joseph hits you with a +2 quarterstaff of speed!
You die...
Your body disappears without additional glow.

#...........##........
#...........##........
#.....†.....##........
#...........#.........
#########..##........# ####....#
#..##........' ........#
#..##........#
......@.####.##........#
......)@'(...##........#
........####.##........#
....##### ##.##......... ### ...
#...#.........
..##################.#.#...#####.
...................∩.∩.##'######.
...............................+.
...................∩.∩+##.######.
#..........................# #.'.


You could see Joseph.

Vanquished Creatures
  A spriggan (D:7)
  2 ice beasts (D:5)
  An orc warrior (D:7)
  2 slaves
  3 sky beasts
  A necrophage (D:7)
  2 centaurs
  An ogre (D:7)
  Blork the orc (D:5)
  A bullfrog (D:8)
  A scorpion (D:8)
  A wyvern skeleton (D:7)
  A jelly (D:6)
  A howler monkey (D:6)
  4 crimson imps
  A centaur zombie (D:6)
  3 quasits (D:8)
  A bullfrog zombie (D:8)
  3 bullfrog skeletons
  An orc priest (D:7)
  5 hounds
  2 orc wizards
  Jessica (D:3)
  3 worker ants
  A killer bee zombie (D:8)
  Robin (D:3)
  2 gnolls
  4 adders
  3 adder zombies
  An adder skeleton (D:4)
  3 worms
  A dart slug (D:3)
  8 leopard geckos
  22 orcs
  2 ball pythons
  5 giant cockroaches
  15 goblins
  10 hobgoblins
  3 jackals (D:1)
  5 quokkas
  3 bats
  3 frilled lizards
  5 kobolds
  A leopard gecko skeleton (D:5)
  A quokka skeleton (D:5)
  4 rats
146 creatures vanquished.

Vanquished Creatures (collateral kills)
  Pikel (D:3)
  Edmund (D:4)
  An ogre (D:5)
  A bullfrog (D:7)
  A gnoll sergeant (D:3)
  A scorpion (D:4)
  A howler monkey (D:4)
  2 jellies (D:6)
  A crimson imp (D:5)
  2 orc wizards (D:5)
  Terence (D:2)
  3 worker ants
  9 gnolls
  An adder (D:6)
  A worm (D:2)
  A leopard gecko (D:5)
  7 orcs
  A bat (D:3)
  4 jackals (D:4)
  A quokka (D:6)
  A jackal zombie (D:5)
42 creatures vanquished.

Vanquished Creatures (others)
  An orc wizard (D:3)
1 creature vanquished.

Grand Total: 189 creatures vanquished

Notes
Turn   | Place    | Note
-------+----------+-------------------------------------------
     0 | D:1      | MalarOregon the Merfolk Wizard began the quest for the Orb.
     0 | D:1      | Reached XP level 1. HP: 13/13 MP: 4/4
   727 | D:1      | Reached skill level 1 in Conjurations
   834 | D:1      | Reached skill level 1 in Polearms
   834 | D:1      | Reached XP level 2. HP: 6/19 MP: 1/6
  1076 | D:1      | Learned a level 2 spell: Call Imp
  1789 | D:2      | Reached XP level 3. HP: 24/24 MP: 0/7
  1789 | D:2      | Noticed Terence
  2514 | D:2      | Reached XP level 4. HP: 10/30 MP: 2/9
  2747 | D:2      | Found a white marble altar of Elyvilon.
  2749 | D:2      | Found a burning altar of Makhleb.
  2765 | D:2      | Killed Terence
  3385 | D:3      | Reached XP level 5. HP: 36/36 MP: 5/10
  3443 | D:3      | Reached skill level 1 in Fighting
  3777 | D:3      | Noticed Robin
  3984 | D:3      | Found a shadowy altar of Dithmenos.
  4033 | D:3      | Noticed Jessica
  4066 | D:3      | Killed Jessica
  4387 | D:3      | Reached XP level 6. HP: 39/43 MP: 11/11
  4396 | D:3      | Found an opulent altar of Gozag.
  4400 | D:3      | Found a snail-covered altar of Cheibriados.
  4559 | D:3      | Found a deep blue altar of Sif Muna.
  4573 | D:3      | Reached skill level 1 in Armour
  4736 | D:3      | Learned a level 2 spell: Blink
  4739 | D:3      | Identified Sif Muna's Handbook of Orientation
  4951 | D:4      | Noticed Edmund
  4969 | D:4      | Killed Edmund
  5367 | D:4      | Noticed a slave
  5367 | D:4      | Noticed Pikel
  5368 | D:4      | Noticed a slave
  5370 | D:4      | Noticed a slave
  5373 | D:4      | Noticed a slave
  5647 | D:3      | Killed a slave
  5933 | D:4      | Reached skill level 1 in Translocations
  5933 | D:4      | Reached XP level 7. HP: 43/48 MP: 9/13
  7368 | D:3      | Found a deep blue altar of Sif Muna.
  7438 | D:3      | Killed Pikel
  7794 | D:5      | Entered Level 5 of the Dungeon
  8025 | D:5      | Reached skill level 5 in Polearms
  8025 | D:5      | Reached XP level 8. HP: 27/54 MP: 0/15
  8111 | D:5      | Reached skill level 5 in Spellcasting
  8569 | D:5      | Noticed Blork the orc
 10052 | D:5      | Found a stormy altar of Qazlal.
 10492 | D:5      | Killed Blork the orc
 11125 | D:3      | Killed Robin
 11661 | D:6      | Found a burning altar of Makhleb.
 11885 | D:6      | Reached XP level 9. HP: 39/59 MP: 14/17
 11986 | D:6      | Learned a level 3 spell: Conjure Flame
 11990 | D:6      | Learned a level 3 spell: Mephitic Cloud
 12883 | D:7      | Found an iron altar of Okawaru.
 13214 | D:7      | Found a staircase to the Ecumenical Temple.
 13229 | Temple   | Entered the Ecumenical Temple
 13826 | Temple   | Became a worshipper of Nemelex Xobeh the Trickster
 13902 | D:7      | Received a gift from Nemelex Xobeh
 14134 | D:7      | Found the +10 morningstar "Eos" {elec, Halo rElec}
 14577 | D:7      | Reached skill level 5 in Conjurations
 14820 | D:8      | Reached skill level 1 in Maces & Flails
 14841 | D:8      | Reached * piety under Nemelex Xobeh
 14848 | D:8      | Found Jumn's Antique Armour Shop.
 14866 | D:8      | Bought a pair of glowing gloves for 202 gold pieces
 15335 | D:8      | Found a bloodstained altar of Trog.
 15337 | D:8      | Found an ornate altar of the Wu Jian Council.
 15337 | D:8      | Found a stormy altar of Qazlal.
 15345 | D:8      | Found a glowing silver altar of Zin.
 15348 | D:8      | Found a hazy altar of Hepliaklqana.
 15375 | D:8      | Noticed Joseph
 15381 | D:8      | Reached skill level 1 in Poison Magic
 15381 | D:8      | Slain by Joseph

Vault maps used:
D:1:      wheals_arrival_shading
D:2:      gammafunk_temple_overflow_pools, uniq_terence
D:3:      led_sif_book, nicolae_overflow_hidden_temple,
          nicolae_dithmenos_shadow_blocks, uniq_robin, uniq_jessica
D:4:      bh_chokoban, roderic_roman_lattice, nrook_campfire, uniq_pikel,
          uniq_edmund
D:5:      first_ration, minmay_ruined_shrine, uniq_blork_the_orc
D:6:      bloody_makhleb
D:7:      okawaru_ov_weapons_minmay, minmay_temple_entry_trees, serial_glass,
          glass_columns_a, glass_columns_a, the_bakery, kennysheep_small_square
D:8:      minmay_overflow_temple_star_hex, serial_shops,
          nicolae_shop_competitors_out_of_business, wad_floor_pattern_2,
          uniq_joseph
Temple:   chequers_temple_sunken

Skill      XL: |  1  2  3  4  5  6  7  8  9 |
---------------+----------------------------+-----
Conjurations   | 1 2 3 4 5 |  5.5
Polearms       | 1 2 3 4 5 6 |  6.5
Dodging        | 3 4 |  4.0
Fighting       | 1 |  1.5
Armour         | 1 2 3 4 |  4.0
Summonings     | 2 3 4 |  4.2
Spellcasting   | 4 5 6 |  6.7
Translocations | 1 |  1.2
Maces & Flails | 1 |  1.3
Poison Magic   | 1 |  1.0
Stealth        | |  2.1
Shields        | |  0.9
Fire Magic     | |  0.5

Action                   |  1- 3 |  4- 6 |  7- 9 || total
-------------------------+-------+-------+-------++-------
Melee: Spear             |   104 |   125 |   650 ||   879
       Unarmed           |     1 |       |       ||     1
       Tailslap          |       |     2 |       ||     2
       Morningstar       |       |       |    41 ||    41
Throw: Throwing net      |       |       |     1 ||     1
 Cast: Magic Dart        |    36 |    95 |   121 ||   252
       Call Imp          |     9 |    29 |    69 ||   107
       Blink             |       |     1 |     5 ||     6
       Mephitic Cloud    |       |       |     6 ||     6
       Conjure Flame     |       |       |     1 ||     1
Evoke: Wand              |       |       |     3 ||     3
  Use: Scroll            |       |     9 |     7 ||    16
       Potion            |       |       |     1 ||     1
 Stab: Sleeping          |     1 |       |     1 ||     2
       Confused          |       |       |     8 ||     8
  Eat: Chunk             |     5 |     8 |    13 ||    26
       Ration            |       |     1 |     5 ||     6
Armor: Robe              |    10 |       |       ||    10
       Leather armour    |     3 |    17 |   159 ||   179
       Skin              |       |       |     5 ||     5
Dodge: Dodged            |    60 |    66 |   360 ||   486
Block: Buckler           |       |       |     7 ||     7

Table legend:
 A = Non-vault XP
 B = Vault XP
 C = Vault XP percentage of total XP
 D = Non-vault monster count
 E = Vault monster count
 F = Vault count percentage of total count
                 A         B        C        D         E       F
            +---------+---------+-------+---------+---------+-------
      Total |    3220 |    1076 |  25.0 |     160 |      27 |  14.4
            +---------+---------+-------+---------+---------+-------
        D:1 |      32 |       0 |   0.0 |      18 |       0 |   0.0
        D:2 |      60 |      24 |  28.6 |      15 |       1 |   6.2
        D:3 |     170 |     453 |  72.7 |      27 |       6 |  18.2
        D:4 |     251 |     113 |  31.0 |      25 |      11 |  30.6
        D:5 |     696 |     225 |  24.4 |      32 |       7 |  17.9
        D:6 |     542 |       0 |   0.0 |      17 |       0 |   0.0
        D:7 |     680 |     261 |  27.7 |      12 |       2 |  14.3
        D:8 |     789 |       0 |   0.0 |      14 |       0 |   0.0
            +---------+---------+-------+---------+---------+-------
